 Dungeon Crawl Stone Soup version 0.24.0-13-gcf9b3192b9 (webtiles) character file.

Game seed: 18330182290968697881, levelgen mode: deterministic

2754 CPrA the Spear-Bearer (level 9, -6/81 HPs)
             Began as a Centaur Chaos Knight on Nov 9, 2019.
             Was a Plaything of Xom.
             Mangled by a killer bee (7 damage)
             ... on level 6 of the Dungeon.
             The game lasted 00:15:02 (8722 turns).

CPrA the Spear-Bearer (Centaur Chaos Knight)        Turns: 8722, Time: 00:15:03

Health: -6/81      AC: 11    Str: 18    XL:     9   Next: 41%
Magic:  9/9        EV:  3    Int:  9    God:    Xom [......]
Gold:   358        SH:  0    Dex:  9    Spells: 8/8 levels left

rFire    . . .     SeeInvis .   C - +0 halberd
rCold    . . .     Gourm    .   (shield currently unavailable)
rNeg     . . .     Faith    .   p - +0 plate armour
rPois    .         Spirit   .   G - +0 hat
rElec    .         Reflect  .   E - +0 cloak
rCorr    .         Harm     .   k - +1 pair of gloves
MR       .....                  (no barding)
Stlth    ..........             g - amulet of magic regeneration
HPRegen  0.23/turn              (no ring)
MPRegen  0.36/turn              (no ring)

@: confused, lethally poisoned (-6 -> -26), very quick
A: large, hooves 3, deformed body, dopey 1, speed 2, screaming 2, tough skin 3,
MP-powered wands
a: Renounce Religion


You were on level 6 of the Dungeon.
You worshipped Xom.
You were a very special plaything of Xom.
You were not hungry.

You visited 2 branches of the dungeon, and saw 8 of its levels.
You also visited: Ossuary.

You collected 358 gold pieces.

Inventory:

Hand Weapons
 a - a +0 spear of chaos
 h - a +2 whip of draining
 C - a +0 halberd (weapon)
Missiles
 e - 294 stones
 i - 9 javelins (quivered)
 F - 22 poisoned darts
Armour
 k - a +1 pair of gloves (worn)
 p - a +0 plate armour (worn)
 E - a +0 cloak (worn)
 G - a +0 hat (worn)
Magical Staves
 H - an uncursed staff of fire
Jewellery
 g - an amulet of magic regeneration (around neck)
Wands
 w - a wand of clouds (4)
 B - a wand of iceblast (6)
Scrolls
 b - 2 scrolls of magic mapping
 r - 6 scrolls of remove curse
 v - 5 scrolls of teleportation
Potions
 d - 3 potions of haste
 f - 3 potions of degeneration
 j - a potion of mutation
 l - a potion of invisibility
 m - 5 potions of curing
 n - 2 potions of agility
 t - 2 potions of ambrosia
 u - 2 potions of flight
 x - 2 potions of heal wounds
 z - a potion of brilliance {unknown}
 D - a potion of berserk rage {unknown}
Comestibles
 c - 10 rations


   Skills:
 - Level 8.2 Fighting
 + Level 13.3 Polearms
 - Level 1.3 Armour
 - Level 0.6 Dodging


You had 8 spell levels left.
You didn't know any spells.
Your spell library was empty.

Dungeon Overview and Level Annotations

Branches:
Dungeon (7/15)             Temple (1/1) D:5         Ossuary (visited)

Altars:
Ashenzari
Cheibriados
Elyvilon
Fedhas
Gozag
Hepliaklqana
Kikubaaqudgha
Makhleb
Nemelex Xobeh
Okawaru
Qazlal
Ru
Sif Muna
Trog
Uskayaw
Vehumet
Wu Jian
Xom
Yredelemnul
Zin
The Shining One

Shops:
D:4 *


Innate Abilities, Weirdness & Mutations

You have hooves in place of feet.
Armour fits poorly on your strangely shaped body.
You cover ground very quickly.
You have extremely tough skin. (AC +3)
You are dopey. (Int -2)
You sometimes yell uncontrollably at your foes.
You expend magic power (3 MP) to strengthen your wands.


Message History

The killer bee is heavily wounded.
* * * LOW HITPOINT WARNING * * *
You emit a cloud of colourful smoke!
You feel sick.
Xom titters.
You are confused.
The killer bee stings you!
* * * LOW HITPOINT WARNING * * *
You are more poisoned.
The killer bee poisons you!
* * * LOW HITPOINT WARNING * * *
You feel sick.
The killer bee stings you but does no damage.
The killer bee barely misses you.
You bump into the rock wall.
* * * LOW HITPOINT WARNING * * *
You feel sick. The killer bee stings you.
* * * LOW HITPOINT WARNING * * *
The killer bee stings you!
You die...

## .# .# .# .# ###### .#
#....# .#################
#.##.# ..............[y§#
#.##.# ###############§@#
#.##.# ..# #....###§.#
##.##.# #.# #.........#
#...#.# #.# #....###.##
#...#.# ..######....# #.#
#...#.#
.......#....###.####...#.#
.......#....'..........#.#
.......#....#............#
.......#....#..........###


You could see a killer bee.

Vanquished Creatures
  A hog (shapeshifter) (D:6)
  Menkaure (D:6)
  A water moccasin (D:5)
  An orc warrior (D:6)
  A sky beast (D:6)
  An ice beast (D:7)
  A black bear (D:7)
  An ogre (D:6)
  5 phantoms
  A bullfrog (D:6)
  A scorpion (D:5)
  4 wights (D:6)
  A howler monkey (D:5)
  A centaur skeleton (D:6)
  3 crimson imps
  A jelly (D:5)
  2 orc wizards
  2 centaur zombies (Ossuary)
  6 hounds
  A bullfrog skeleton (D:4)
  Natasha (thrice) (D:4)
  A worker ant (D:5)
  3 ogre zombies (Ossuary)
  A hound zombie (D:5)
  2 hound skeletons
  7 mummies (Ossuary)
  15 adders
  8 gnolls
  4 oozes
  2 adder zombies (Ossuary)
  4 worms
  2 dart slugs
  2 leopard geckos
  8 orcs
  7 bats
  4 giant cockroaches
  4 goblins
  4 hobgoblins
  7 jackals
  3 ball pythons
  13 frilled lizards
  A giant cockroach zombie (D:4)
  4 goblin zombies (Ossuary)
  8 hobgoblin zombies (Ossuary)
  5 kobolds
  A kobold zombie (Ossuary)
  5 quokka zombies (Ossuary)
  5 rats
  5 rat zombies (Ossuary)
174 creatures vanquished.

Vanquished Creatures (collateral kills)
  A scorpion (D:4)
  An orc priest (D:4)
  An orc wizard (D:4)
  A frilled lizard (D:1)
4 creatures vanquished.

Grand Total: 178 creatures vanquished

Notes
Turn   | Place    | Note
-------+----------+-------------------------------------------
     0 | D:1      | CPrA the Centaur Chaos Knight began the quest for the Orb.
     0 | D:1      | Reached XP level 1. HP: 19/19 MP: 1/1
    83 | D:1      | XOM: potion effect (might)
    98 | D:1      | Reached XP level 2. HP: 21/26 MP: 2/2
   328 | D:1      | Reached XP level 3. HP: 32/33 MP: 3/3
   591 | D:2      | XOM: divination: detect items
   678 | D:2      | XOM: divination: detect items
   842 | D:2      | XOM: mild Pois miscast
  1013 | D:2      | Reached skill level 5 in Fighting
  1013 | D:2      | Reached XP level 4. HP: 25/42 MP: 4/4
  1220 | D:2      | XOM: scenery: 1 doors open
  1304 | D:2      | XOM: 3-stop teleportation journey
  1441 | D:2      | XOM: 1-stop teleportation journey
  1628 | D:2      | Found a stormy altar of Qazlal.
  1628 | D:2      | Found a shattered altar of Ashenzari.
  2135 | D:3      | XOM: give mutation
  2135 | D:3      | Gained mutation: You occasionally shout uncontrollably at
                  | your foes. [Xom's mischief]
  2298 | D:3      | Reached XP level 5. HP: 50/50 MP: 5/5
  2436 | D:3      | XOM: torment (26/50 hp)
  2614 | D:3      | XOM: give mutation
  2614 | D:3      | Gained mutation: Your body sometimes deteriorates upon
                  | taking damage. [Xom's mischief]
  2622 | D:3      | Found a hide-covered altar of Uskayaw.
  2625 | D:3      | Noticed a +0 dagger
  2626 | D:3      | Noticed a +0 dagger
  2827 | D:4      | Found a sand-covered staircase.
  2844 | Ossuary  | Entered an ossuary
  2986 | Ossuary  | XOM: harmless Summ miscast
  3226 | Ossuary  | Reached XP level 6. HP: 58/58 MP: 6/6
  3362 | Ossuary  | XOM: silly message
  3981 | D:4      | XOM: mild Conj miscast
  4148 | D:4      | XOM: noise
  4159 | D:4      | Noticed Natasha
  4176 | D:4      | Killed Natasha
  4269 | D:4      | Found Gozag's Platinum Reserve.
  4278 | D:4      | Found an opulent altar of Gozag.
  4286 | D:4      | XOM: summons 3 friendly demons
  4294 | D:4      | Reached XP level 7. HP: 31/68 MP: 7/7
  4568 | D:4      | XOM: noise
  4590 | D:4      | XOM: cast spell 'Olgreb's Toxic Radiance'
  4592 | D:4      | XOM: smoke on damage
  4594 | D:4      | XOM: enchant monster (good)
  4618 | D:4      | XOM: mild Erth miscast
  4644 | D:4      | Reached skill level 3 in Polearms
  4663 | D:4      | XOM: confusion (+ monsters)
  4693 | D:4      | Reached skill level 4 in Polearms
  4717 | D:4      | XOM: 1-stop teleportation journey
  4717 | D:4      | Noticed Natasha
  4724 | D:4      | Killed Natasha
  4784 | D:4      | XOM: harmless Tmut miscast
  4819 | D:4      | XOM: harmless Air miscast
  4966 | D:4      | Noticed Natasha
  4985 | D:4      | Killed Natasha
  5205 | D:5      | Entered Level 5 of the Dungeon
  5227 | D:5      | Reached skill level 5 in Polearms
  5349 | D:5      | XOM: scenery: 1 doors close
  5451 | D:5      | Reached skill level 6 in Polearms
  5723 | D:5      | Found a staircase to the Ecumenical Temple.
  5732 | Temple   | Entered the Ecumenical Temple
  5746 | Temple   | XOM: give mutation
  5746 | Temple   | Lost mutation: Your body sometimes deteriorates upon taking
                  | damage. [Xom's mischief]
  6032 | D:5      | XOM: enchant monster (bad)
  6043 | D:5      | Reached skill level 7 in Polearms
  6043 | D:5      | Reached XP level 8. HP: 31/74 MP: 8/8
  6236 | D:5      | XOM: torment (22/74 hp)
  6474 | D:5      | XOM: summons 4 hostile demons
  6628 | D:5      | XOM: mild Pois miscast
  6704 | D:5      | Reached skill level 8 in Polearms
  6752 | D:5      | XOM: potion effect (heal wounds)
  6756 | D:5      | Reached skill level 9 in Polearms
  6967 | D:6      | Found a bloodstained altar of Trog.
  6986 | D:6      | Noticed a shapeshifter
  6986 | D:6      | a gnoll shaman changed into a shapeshifter
  6986 | D:6      | XOM: polymorph gnoll shaman -> shapeshifter
  6986 | D:6      | a shapeshifter changed into a hog
  6996 | D:6      | Reached skill level 10 in Polearms
  7193 | D:6      | XOM: repel stairs
  7242 | D:6      | XOM: cleaving
  7244 | D:6      | XOM: give mutations
  7244 | D:6      | Gained mutation: You are dopey. (Int -2) [Xom's mischief]
  7244 | D:6      | Gained mutation: You sometimes yell uncontrollably at your
                  | foes. [Xom's mischief]
  7244 | D:6      | Gained mutation: You expend magic power (3 MP) to
                  | strengthen your wands. [Xom's mischief]
  7286 | D:6      | XOM: swap monsters
  7290 | D:6      | XOM: 3-stop teleportation journey
  7402 | D:6      | XOM: 1-stop teleportation journey
  7492 | D:6      | Reached skill level 11 in Polearms
  7624 | D:6      | XOM: 1-stop teleportation journey
  7678 | D:6      | Reached XP level 9. HP: 48/81 MP: 9/9
  7685 | D:6      | Reached skill level 12 in Polearms
  7952 | D:6      | XOM: god gift: 3 javelins
  7990 | D:6      | XOM: noise
  8304 | D:6      | XOM: medium Necr miscast
  8405 | D:6      | Noticed Menkaure
  8409 | D:6      | XOM: noise
  8410 | D:6      | Killed Menkaure
  8625 | D:7      | XOM: harmless Pois miscast
  8630 | D:7      | Reached skill level 13 in Polearms
  8720 | D:6      | XOM: smoke on damage
  8720 | D:6      | XOM: confusion
  8722 | D:6      | HP: 1/81 [killer bee (5)]
  8722 | D:6      | Mangled by a killer bee

Levels and vault maps discovered:
D:1:      mainiacjoe_arrival_reflecting_pool, layout_rooms, minmay_lizard_king
D:2:      layout_basic, gammafunk_temple_overflow_elements, first_ration,
          serial_bayou_lagoon_b
D:3:      layout_loops_ring, dancing_weapons_uskayaw
D:4:      layout_loops_ring, nicolae_gozag_zags_fifth_avenue, enter_ossuary_3,
          minmay_manual_moon, uniq_natasha
D:5:      kennysheep_windowed_halls, layout_basic, minmay_temple_entry_fiery,
          hangedman_abyss_or_decor_slice
D:6:      layout_basic, kennysheep_mini, uniq_menkaure
D:7:      layout_basic
Temple:   eino_temple_rhombus

Skill      XL: |  1  2  3  4  5  6  7  8  9 |
---------------+----------------------------+-----
Fighting       | 4 5 6 8 |  8.2
Polearms       | 7 11 13 | 13.3
Armour         | |  1.3
Dodging        | |  0.6

Action                   |  1- 3 |  4- 6 |  7- 9 || total
-------------------------+-------+-------+-------++-------
Melee: Spear             |   136 |   301 |   232 ||   669
       Kick              |    15 |    61 |    62 ||   138
       Halberd           |       |       |   135 ||   135
Throw: Stone             |       |     7 |    10 ||    17
       Javelin           |       |       |     2 ||     2
Evoke: Wand              |       |       |     3 ||     3
  Use: Scroll            |     4 |       |    13 ||    17
       Potion            |       |       |     2 ||     2
 Stab: Paralysed         |       |     9 |     3 ||    12
       Petrifying        |       |     1 |       ||     1
       Petrified         |       |     1 |       ||     1
       Sleeping          |       |       |     2 ||     2
       Invisible         |       |       |     1 ||     1
  Eat: Chunk             |       |     6 |     8 ||    14
       Ration            |       |     1 |     1 ||     2
Armor: Leather armour    |    61 |    17 |       ||    78
       Chain mail        |       |   109 |   100 ||   209
       Plate armour      |       |       |    30 ||    30
Dodge: Dodged            |    63 |    46 |    48 ||   157
